 Dungeon Crawl Stone Soup version 0.27.0-1-g7a089689b8 (webtiles) character file.

Game seed: 16364970986883632171

8 hatdisgam the Sneak (level 2, 0/15 HPs)
             Began as a Vine Stalker Brigand on Aug 3, 2021.
             Slain by a gnoll (10 damage)
             ... on level 2 of the Dungeon.
             The game lasted 00:01:25 (1057 turns).

hatdisgam the Sneak (Vine Stalker Brigand)          Turns: 1057, Time: 00:01:25

Health: 0/15       AC:  7    Str: 13    XL:     2   Next: 8%
Magic:  0/3        EV:  9    Int: 11    God:
Gold:   13         SH:  0    Dex: 15    Spells: 1/1 levels left

rFire    . . .     SeeInvis .   a - +2 dagger
rCold    . . .     Faith    .   (no shield)
rNeg     . . .     Spirit   +   o - +0 scale mail
rPois    .         Reflect  .   (no helmet)
rElec    .         Harm     .   c - +0 cloak
rCorr    .         Rampage  .   (no gloves)
Will     .....                  (no boots)
Stlth    ++........             (no amulet)
HPRegen  0.05/turn              (no ring)
MPRegen  0.08/turn              (no ring)

@: no status effects
A: fangs 2, magic shield, antimagic bite, no potion heal 2
a: no special abilities


You were on level 2 of the Dungeon.
You visited 1 branch of the dungeon, and saw 2 of its levels.

You collected 13 gold pieces.

Inventory:

Hand Weapons
 a - a +2 dagger (weapon)
Missiles
 d - 8 poisoned darts (quivered)
 e - 2 curare-tipped darts
 h - 68 stones
 k - 12 sling bullets
 p - 4 boomerangs
Armour
 b - a +0 robe
 c - a +0 cloak (worn)
 o - a +0 scale mail (worn)
Jewellery
 r - a +6 ring of intelligence
Scrolls
 f - a scroll of amnesia {unknown}
 q - a scroll of enchant weapon {unknown}
Potions
 g - 2 potions of curing {unknown}
 i - a potion of cancellation {unknown}
 j - a potion of haste {unknown}
 l - 3 potions of flight {unknown}
 m - 2 potions of brilliance {unknown}
 n - a potion of heal wounds {unknown}


   Skills:
 + Level 2.0 Fighting
 - Level 1.7(1.9) Short Blades
 * Level 1.0(1.5) Long Blades
 + Level 2.0 Throwing
 - Level 0.7 Dodging
 - Level 4.8 Stealth


You had one spell level left.
You didn't know any spells.
Your spell library was empty.

Dungeon Overview and Level Annotations

Branches:
Dungeon (2/15)

Altars:


Innate Abilities, Weirdness & Mutations

You have extremely sharp teeth.
When hurt, damage is shared between your health and your magic reserves.
Your bite disrupts and absorbs the magic of your enemies.
Potions cannot restore your health.


Message History

The goblin completely misses you.
You climb upwards.
There is a stone staircase leading down here.
Unknown command.
The goblin hits you but does no damage. The goblin closely misses you.
The goblin hits you with a +0 club.
* * * LOW HITPOINT WARNING * * *
You closely miss the goblin. You bite the goblin. You drain its power.
You feel invigorated.
The goblin is severely wounded.
The goblin hits you with a +0 club.
You closely miss the goblin. You bite the goblin, but do no damage.
The goblin is severely wounded.
The goblin closely misses you.
You hit the goblin.
You kill the goblin!
Your Fighting skill increases to level 2!
Your Long Blades skill increases to level 1!
Your Throwing skill increases to level 2!
Unknown command.
You start resting.
Magic restored.
You start resting.
HP restored.
Things that are here:
a +0 club; a goblin skeleton
There is a stone staircase leading down here.
You climb downwards.
A gnoll comes into view. It is wielding a +0 halberd.
A goblin comes into view. It is wielding a +0 club.
There is a stone staircase leading up here.
Unknown command.
There are no items here.
The gnoll barely misses you.
The gnoll hits you from afar with a +0 halberd.
There is a stone staircase leading up here.
The gnoll hits you with a +0 halberd!
Ouch! That really hurt!
You die...

#...##.............
#................##
#....g............
###.###............#
#.g..##............#
#.gS.##.........#
#....##g.....#.##
#.<..##..g...# ..
#....##..@...# ##
#....##......#
#....#########
######


You could see 2 gnolls and a goblin (wandering).

Vanquished Creatures
  A ball python (D:2)
  2 quokkas (D:1)
  2 goblins (D:1)
  2 kobolds (D:1)
  A rat (D:1)
8 creatures vanquished.

Notes
Turn   | Place    | Note
-------+----------+-------------------------------------------
     0 | D:1      | hatdisgam the Vine Stalker Brigand began the quest for the
                  | Orb.
     0 | D:1      | Reached XP level 1. HP: 11/11 MP: 2/2
   204 | D:1      | Found a faded altar of an unknown god.
   681 | D:2      | Reached XP level 2. HP: 15/15 MP: 3/3
   745 | D:1      | Reached skill level 1 in Long Blades
  1057 | D:2      | Slain by a gnoll

Illustrated notes

Levels and vault maps discovered:
D:1:      saegor_arrival_simple_c, layout_rooms,
          hellmonk_ecumenical_altar_blasted
D:2:      layout_rooms, uniq_jessica, uniq_robin

Skill      XL: |  1  2 |
---------------+-------+-----
Fighting       | 2 |  2.0
Long Blades    | 1 |  1.0
Throwing       | 2 |  2.0
Short Blades   | |  1.7
Dodging        | |  0.7
Stealth        | |  4.8

Action                   || total
-------------------------++-------
Melee: Dagger            ||    16
       Bite              ||     3
 Stab: Sleeping          ||     5
Armor: Robe              ||     2
       Scale mail        ||     3
Dodge: Dodged            ||     8
